Nashville Predators vs San Jose Sharks
Created - Saturday, April 8, 2023 at 07:27
Goals
|
| Nashville Predators |
0 |
2 |
0 |
0 |
2 |
| San Jose Sharks |
0 |
1 |
1 |
1 |
3 |
|
Shots
|
| Nashville Predators |
8 |
13 |
12 |
0 |
33 |
| San Jose Sharks |
15 |
7 |
18 |
1 |
41 |
|
1st period
No Goal
Penalties :
No Penalty
2nd period
1. San Jose Sharks , Andreas Athanasiou 4 (Michael Bunting 7) at 2:12
2. Nashville Predators , Sam Gagner 9 (Brandon Saad 12) at 10:34
3. Nashville Predators , Zemgus Girgensons 1 (Cale Makar 25, Loui Eriksson 7) at 18:49
Penalties :
Sam Gagner (NSH) for Interference (Minor) at 2:37
3rd period
4. San Jose Sharks , William Karlsson 13 (Ryan Strome 7, Jakob Silfverberg 10) at 5:48
Penalties :
No Penalty
Overtime #1
5. San Jose Sharks , Ryan Strome 3 (Ryan Hartman 17) at 0:04
Penalties :
No Penalty
Goalie Stats
Anthony Stolarz (NSH), 38 saves from 41 shots - (0.927), OTL, 6-7-4, 60:04 minutes
Malcolm Subban (SJS), 31 saves from 33 shots - (0.939), W, 3-2-1, 60:04 minutes
Players Stats for Nashville Predators
Player Name G A P +/- PIM S H SB GA TA FO MP PP MP PK MP
------------------------------------------------------------------------------------
Artem Zub 0 0 0 -1 0 1 1 2 0 0 0/0 20:02 0:00 0:41
Brandon Saad 0 1 1 0 0 3 0 0 0 0 2/3 15:48 0:00 0:53
Cale Makar 0 1 1 -1 0 4 0 1 1 0 0/0 25:51 0:00 1:18
Corey Perry 0 0 0 0 0 0 1 0 0 1 0/0 15:55 0:00 1:00
Jake Muzzin 0 0 0 -1 0 0 1 2 0 0 0/0 20:02 0:00 0:41
Janne Kuokkanen 0 0 0 -2 0 3 0 0 1 0 0/1 14:41 0:00 0:00
Justin Braun 0 0 0 -1 0 0 5 1 0 1 0/0 25:51 0:00 1:18
Loui Eriksson 0 1 1 1 0 4 0 1 0 0 0/0 14:26 0:00 0:00
Nate Schmidt 0 0 0 1 0 0 1 0 0 0 0/0 14:11 0:00 0:00
Nick Bjugstad 0 0 0 -2 0 2 1 0 1 0 0/0 15:20 0:00 0:39
Nolan Patrick 0 0 0 0 0 3 0 0 0 0 5/12 14:30 0:00 0:27
Oliver Kylington 0 0 0 1 0 2 0 1 0 0 0/0 14:11 0:00 0:00
Pat Maroon 0 0 0 1 0 1 0 0 2 0 0/2 15:12 0:00 0:59
Riley Nash 0 0 0 0 0 3 2 0 0 0 0/0 14:01 0:00 0:00
Ryan Carpenter 0 0 0 0 0 0 2 0 0 0 1/2 14:01 0:00 0:00
Sam Gagner 1 0 1 1 2 3 0 0 0 0 9/16 14:52 0:00 0:00
Thomas Novak 0 0 0 -2 0 1 1 0 0 0 6/13 14:56 0:00 0:00
Zemgus Girgensons 1 0 1 1 0 3 3 0 2 1 2/6 14:26 0:00 0:00
Players Stats for San Jose Sharks
Player Name G A P +/- PIM S H SB GA TA FO MP PP MP PK MP
------------------------------------------------------------------------------------
Andreas Athanasiou 1 0 1 0 0 5 1 0 1 1 5/9 14:11 0:00 0:00
Anthony DeAngelo 0 0 0 -1 0 1 1 3 0 0 0/0 20:32 0:41 0:00
David Savard 0 0 0 0 0 1 0 3 0 1 0/0 22:41 1:18 0:00
Derek Forbort 0 0 0 0 0 2 2 2 0 0 0/0 22:41 1:18 0:00
Henri Jokiharju 0 0 0 -1 0 0 1 3 0 1 0/0 20:32 0:41 0:00
Jakob Silfverberg 0 1 1 0 0 2 4 1 0 0 0/1 17:11 1:08 0:00
Jesper Fast 0 0 0 0 0 0 1 0 1 1 0/0 14:11 0:00 0:00
Joel Edmundson 0 0 0 2 0 2 2 3 0 0 0/0 16:51 0:00 0:00
Michael Bunting 0 1 1 0 0 4 2 0 0 0 0/0 14:23 0:00 0:00
Nick Paul 0 0 0 0 0 0 1 0 0 0 1/2 17:45 0:51 0:00
Oliver Bjorkstrand 0 0 0 0 0 3 1 0 0 0 0/1 17:45 0:51 0:00
Oskar Sundqvist 0 0 0 0 0 2 2 1 0 1 1/2 10:41 0:00 0:00
Ryan Hartman 0 1 1 1 0 4 1 0 1 1 11/23 17:49 0:51 0:00
Ryan Strome 1 1 2 1 0 8 3 1 0 0 10/15 17:15 1:08 0:00
Slater Koekkoek 0 0 0 2 0 1 1 0 0 1 0/0 16:51 0:00 0:00
Sonny Milano 0 0 0 0 0 3 0 0 0 0 1/1 10:53 0:00 0:00
Tanner Pearson 0 0 0 0 0 0 2 0 0 0 1/1 10:53 0:00 0:00
William Karlsson 1 0 1 0 0 3 2 0 0 0 0/0 17:11 1:08 0:00
3 Stars
1 - Ryan Strome (SJS)
2 - Zemgus Girgensons (NSH)
3 - Malcolm Subban (SJS)
Power Play
Nashville Predators - 0 on 0 Attempt(s) - 0.00%
San Jose Sharks - 0 on 1 Attempt(s) - 0.00%
Penalty Kill
Nashville Predators - 1 on 1 Attempt(s) - 100.00%
- Score 0 goal in Penalty Kill
San Jose Sharks - 0 on 0 Attempt(s) - 0.00%
- Score 0 goal in Penalty Kill
Team Stat
Nashville Predators - Hits : 18 - Faceoff Wins : 25 - Blocked Shots : 8 - Penalty Minutes : 2
San Jose Sharks - Hits : 27 - Faceoff Wins : 30 - Blocked Shots : 17 - Penalty Minutes : 0
Official
Referees : Jean Hebert and Graham Skiliter
Linesman : Mark Wheler and Darren Gibbs
Game Notes
No Game Note
Finance
Level 1 -- Attendance: 6000 (100.00%) -- Ticket Income $582,000
Level 2 -- Attendance: 4462 (89.24%) -- Ticket Income $254,334
Level 3 -- Attendance: 3000 (100.00%) -- Ticket Income $99,000
Level 4 -- Attendance: 4534 (90.68%) -- Ticket Income $99,748
Luxury Box -- Attendance: 885 (88.50%) -- Ticket Income $170,805
Game was played at the SAP Center at San Jose.
Total Attendance: 18881 (94.41%)
Total Ticket Income: $1,205,887
Other Income: $422,060
Total Income: $1,627,947
Nashville Predators
5 vs 5 Forward
Center Left Wing Right Wing Time % Phy DF OF
1 Sam Gagner Brandon Saad Corey Perry 26 1 2 2
2 Zemgus Girgensons Pat Maroon Loui Eriksson 25 1 2 2
3 Thomas Novak Janne Kuokkanen Nick Bjugstad 25 1 2 2
4 Nolan Patrick Riley Nash Ryan Carpenter 24 1 2 2
5 vs 5 Defense
Defense Defense Time % Phy DF OF
1 Cale Makar Justin Braun 40 1 2 2
2 Artem Zub Jake Muzzin 30 1 2 2
3 Oliver Kylington Nate Schmidt 20 1 2 2
4 Cale Makar Justin Braun 10 1 2 2
PowerPlay Forward
Center Left Wing Right Wing Time % Phy DF OF
1 Sam Gagner Brandon Saad Corey Perry 60 1 2 2
2 Zemgus Girgensons Pat Maroon Loui Eriksson 40 1 2 2
PowerPlay Defense
Defense Defense Time % Phy DF OF
1 Cale Makar Justin Braun 60 1 2 2
2 Artem Zub Jake Muzzin 40 1 2 2
Penalty Kill 4 Players Forward
Center Wing Time % Phy DF OF
1 Brandon Saad Corey Perry 60 1 2 2
2 Sam Gagner Pat Maroon 40 1 2 2
Penalty Kill 4 Players Defense
Defense Defense Time % Phy DF OF
1 Cale Makar Justin Braun 60 1 2 2
2 Artem Zub Jake Muzzin 40 1 2 2
Penalty Kill - 3 Players Forward
Forward Time % Phy DF OF
1 Brandon Saad 60 1 2 2
2 Corey Perry 40 1 2 2
Penalty Kill - 3 Players Defense
Defense Defense Time % Phy DF OF
1 Cale Makar Justin Braun 60 1 2 2
2 Artem Zub Jake Muzzin 40 1 2 2
4 vs 4 Forward
Center Wing Time % Phy DF OF
1 Brandon Saad Corey Perry 60 1 2 2
2 Sam Gagner Pat Maroon 40 1 2 2
4 vs 4 Defense
Defense Defense Time % Phy DF OF
1 Cale Makar Justin Braun 60 1 2 2
2 Artem Zub Jake Muzzin 40 1 2 2
Last Minutes Offensive
Center Left Wing Right Wing Defense Defense
Sam Gagner Brandon Saad Corey Perry Cale Makar Justin Braun
Last Minutes Defensive
Center Left Wing Right Wing Defense Defense
Sam Gagner Brandon Saad Corey Perry Cale Makar Justin Braun
Goaltenders
Starting : Anthony Stolarz
Backup : Alexandar Georgiev
Extra Forwards
Normal : Nolan Patrick, Thomas Novak, Nick Bjugstad - PP : Janne Kuokkanen, Thomas Novak - PK : Nick Bjugstad
Extra Defensemen
Normal : Oliver Kylington, Jake Muzzin, Artem Zub - PP : Oliver Kylington - PK : Jake Muzzin, Artem Zub
Penalty Shots
Brandon Saad, Corey Perry, Sam Gagner, Pat Maroon, Zemgus Girgensons
San Jose Sharks
5 vs 5 Forward
Center Left Wing Right Wing Time % Phy DF OF
1 Ryan Hartman Oliver Bjorkstrand Nick Paul 30 1 2 2
2 Ryan Strome William Karlsson Jakob Silfverberg 30 1 2 2
3 Andreas Athanasiou Michael Bunting Jesper Fast 25 1 2 2
4 Oskar Sundqvist Tanner Pearson Sonny Milano 15 1 2 2
5 vs 5 Defense
Defense Defense Time % Phy DF OF
1 David Savard Derek Forbort 35 1 2 2
2 Anthony DeAngelo Henri Jokiharju 35 1 2 2
3 Joel Edmundson Slater Koekkoek 30 1 2 2
4 David Savard Derek Forbort 0 1 2 2
PowerPlay Forward
Center Left Wing Right Wing Time % Phy DF OF
1 Ryan Hartman Oliver Bjorkstrand Nick Paul 50 1 2 2
2 Ryan Strome William Karlsson Jakob Silfverberg 50 1 2 2
PowerPlay Defense
Defense Defense Time % Phy DF OF
1 David Savard Derek Forbort 50 1 2 2
2 Anthony DeAngelo Henri Jokiharju 50 1 2 2
Penalty Kill 4 Players Forward
Center Wing Time % Phy DF OF
1 Ryan Hartman Ryan Strome 50 1 2 2
2 Oliver Bjorkstrand William Karlsson 50 1 2 2
Penalty Kill 4 Players Defense
Defense Defense Time % Phy DF OF
1 David Savard Derek Forbort 50 1 2 2
2 Anthony DeAngelo Henri Jokiharju 50 1 2 2
Penalty Kill - 3 Players Forward
Forward Time % Phy DF OF
1 Ryan Hartman 50 1 2 2
2 Ryan Strome 50 1 2 2
Penalty Kill - 3 Players Defense
Defense Defense Time % Phy DF OF
1 David Savard Derek Forbort 50 1 2 2
2 Anthony DeAngelo Henri Jokiharju 50 1 2 2
4 vs 4 Forward
Center Wing Time % Phy DF OF
1 Ryan Hartman Ryan Strome 50 1 2 2
2 Oliver Bjorkstrand William Karlsson 50 1 2 2
4 vs 4 Defense
Defense Defense Time % Phy DF OF
1 David Savard Derek Forbort 50 1 2 2
2 Anthony DeAngelo Henri Jokiharju 50 1 2 2
Last Minutes Offensive
Center Left Wing Right Wing Defense Defense
Ryan Hartman Oliver Bjorkstrand Nick Paul David Savard Derek Forbort
Last Minutes Defensive
Center Left Wing Right Wing Defense Defense
Ryan Hartman Oliver Bjorkstrand Nick Paul David Savard Derek Forbort
Goaltenders
Starting : Malcolm Subban
Backup : Marc-Andre Fleury
Extra Forwards
Normal : Sonny Milano, Michael Bunting, Tanner Pearson - PP : Sonny Milano, Michael Bunting - PK : Tanner Pearson
Extra Defensemen
Normal : David Savard, Slater Koekkoek, Anthony DeAngelo - PP : Derek Forbort - PK : Slater Koekkoek, Anthony DeAngelo
Penalty Shots
Ryan Hartman, Ryan Strome, Oliver Bjorkstrand, William Karlsson, Nick Paul
% Time on Ice - Nashville Predators
Lines # - Real PCT - Wanted PCT - Time Play
Normal Forward
1 - 26% - 26% - 14:53
2 - 25% - 25% - 14:26
3 - 25% - 25% - 14:41
4 - 24% - 24% - 14:01
Normal Defense
1 - 36% - 40% - 20:45
2 - 33% - 30% - 19:21
3 - 24% - 20% - 14:11
4 - 6% - 10% - 3:44
PP Forward
1 - 0% - 60%
2 - 0% - 40%
PP Defense
1 - 0% - 60%
2 - 0% - 40%
PK Forward
1 - 81% - 60% - 1:36
2 - 19% - 40% - 0:23
PK Defense
1 - 66% - 60% - 1:18
2 - 34% - 40% - 0:41
PK3 Forward
1 - 0% - 60%
2 - 0% - 40%
PK3 Defense
1 - 0% - 60%
2 - 0% - 40%
44 Forward
1 - 100% - 60% - 0:04
2 - 0% - 40% - 0:00
44 Defense
1 - 100% - 60% - 0:04
2 - 0% - 40% - 0:00
Last Minute Offensive - 0:00
Last Minute Defensive - 0:00
Total
Forward - 60:04
Defense - 60:04
|
% Time on Ice - San Jose Sharks
Lines # - Real PCT - Wanted PCT - Time Play
Normal Forward
1 - 29% - 30% - 17:06
2 - 28% - 30% - 16:03
3 - 24% - 25% - 14:11
4 - 18% - 15% - 10:41
Normal Defense
1 - 35% - 35% - 20:07
2 - 34% - 35% - 19:51
3 - 29% - 30% - 16:51
4 - 2% - 0% - 1:12
PP Forward
1 - 43% - 50% - 0:51
2 - 57% - 50% - 1:08
PP Defense
1 - 66% - 50% - 1:18
2 - 34% - 50% - 0:41
PK Forward
1 - 0% - 50%
2 - 0% - 50%
PK Defense
1 - 0% - 50%
2 - 0% - 50%
PK3 Forward
1 - 0% - 50%
2 - 0% - 50%
PK3 Defense
1 - 0% - 50%
2 - 0% - 50%
44 Forward
1 - 100% - 50% - 0:04
2 - 0% - 50% - 0:00
44 Defense
1 - 100% - 50% - 0:04
2 - 0% - 50% - 0:00
Last Minute Offensive - 0:00
Last Minute Defensive - 0:00
Total
Forward - 60:04
Defense - 60:04
|
Play-by-Play
1st period
0:01 of 1st period - Sam Gagner wins face-off versus Ryan Hartman in neutral zone.
0:04 of 1st period - Derek Forbort is hit by Corey Perry and loses puck.
0:42 of 1st period - Wrist shot by Michael Bunting.
0:42 of 1st period - Shot Misses the Net.
0:44 of 1st period - Slapshot by David Savard.
0:44 of 1st period - Shot Blocked by Artem Zub.
0:46 of 1st period - Wrist shot by Michael Bunting.
0:46 of 1st period - Stopped by Anthony Stolarz with a rebound.
0:48 of 1st period - Slapshot by Derek Forbort.
0:48 of 1st period - Deflect By Michael Bunting.
0:48 of 1st period - Stopped by Anthony Stolarz with a rebound.
0:50 of 1st period - Wrist shot by David Savard.
0:50 of 1st period - Stopped by Anthony Stolarz with a rebound.
0:52 of 1st period - Snap shot by Michael Bunting.
0:52 of 1st period - Shot Misses the Net.
1:38 of 1st period - Wrist shot by Sonny Milano.
1:38 of 1st period - Stopped by Anthony Stolarz with a rebound.
2:54 of 1st period - Snap shot by William Karlsson.
2:54 of 1st period - Shot Misses the Net.
3:10 of 1st period - David Savard is hit by Artem Zub and loses puck.
3:46 of 1st period - William Karlsson is hit by Justin Braun and loses puck.
4:09 of 1st period - Nate Schmidt is hit by Joel Edmundson and loses puck.
4:18 of 1st period - Snap shot by Sonny Milano.
4:18 of 1st period - Stopped by Anthony Stolarz without a rebound.
4:19 of 1st period - Nick Paul wins face-off versus Thomas Novak in Nashville Predators zone.
4:44 of 1st period - Derek Forbort is hit by Riley Nash and loses puck.
5:38 of 1st period - Justin Braun is hit by Oskar Sundqvist and loses puck.
6:39 of 1st period - Snap shot by Ryan Strome.
6:39 of 1st period - Stopped by Anthony Stolarz with a rebound.
6:41 of 1st period - Slapshot by Joel Edmundson.
6:41 of 1st period - Shot Blocked by Jake Muzzin.
6:43 of 1st period - Slapshot by Slater Koekkoek.
6:43 of 1st period - Deflect By Ryan Strome.
6:43 of 1st period - Stopped by Anthony Stolarz with a rebound.
7:01 of 1st period - Snap shot by Sonny Milano.
7:01 of 1st period - Deflect By Tanner Pearson.
7:01 of 1st period - Shot Blocked by Jake Muzzin.
7:01 of 1st period - Puck is out of play.
7:02 of 1st period - Oskar Sundqvist wins face-off versus Zemgus Girgensons in Nashville Predators zone.
7:26 of 1st period - Icing by Justin Braun.
7:27 of 1st period - Ryan Hartman wins face-off versus Sam Gagner in Nashville Predators zone.
7:36 of 1st period - Wrist shot by Corey Perry.
7:36 of 1st period - Shot Blocked by Henri Jokiharju.
7:42 of 1st period - Nick Paul is hit by Justin Braun and loses puck.
7:49 of 1st period - Justin Braun is hit by Oliver Bjorkstrand and loses puck.
7:54 of 1st period - Wrist shot by Oliver Bjorkstrand.
7:54 of 1st period - Stopped by Anthony Stolarz without a rebound.
7:55 of 1st period - Ryan Strome wins face-off versus Nolan Patrick in Nashville Predators zone.
7:56 of 1st period - Wrist shot by William Karlsson.
7:56 of 1st period - Stopped by Anthony Stolarz without a rebound.
7:57 of 1st period - Ryan Carpenter wins face-off versus Ryan Strome in Nashville Predators zone.
8:02 of 1st period - William Karlsson is hit by Ryan Carpenter and loses puck.
8:33 of 1st period - Wrist shot by Thomas Novak.
8:33 of 1st period - Shot Blocked by David Savard.
9:52 of 1st period - Joel Edmundson is hit by Nick Bjugstad and loses puck.
10:09 of 1st period - Brandon Saad is hit by Slater Koekkoek and loses puck.
10:38 of 1st period - Zemgus Girgensons is hit by Derek Forbort and loses puck.
11:31 of 1st period - Wrist shot by Brandon Saad.
11:31 of 1st period - Stopped by Malcolm Subban with a rebound.
11:59 of 1st period - Slapshot by Nolan Patrick.
11:59 of 1st period - Shot Misses the Net.
12:01 of 1st period - Slapshot by Cale Makar.
12:01 of 1st period - Stopped by Malcolm Subban without a rebound.
12:02 of 1st period - Ryan Strome wins face-off versus Pat Maroon in San Jose Sharks zone.
12:38 of 1st period - Snap shot by Andreas Athanasiou.
12:38 of 1st period - Deflect By Michael Bunting.
12:38 of 1st period - Stopped by Anthony Stolarz without a rebound.
12:39 of 1st period - Ryan Hartman wins face-off versus Nolan Patrick in Nashville Predators zone.
13:08 of 1st period - Wrist shot by William Karlsson.
13:08 of 1st period - Shot Misses the Net.
13:10 of 1st period - Wrist shot by Jakob Silfverberg.
13:10 of 1st period - Shot Misses the Net.
13:12 of 1st period - Wrist shot by Ryan Strome.
13:12 of 1st period - Stopped by Anthony Stolarz without a rebound.
13:13 of 1st period - Andreas Athanasiou wins face-off versus Zemgus Girgensons in Nashville Predators zone.
13:46 of 1st period - Slapshot by Andreas Athanasiou.
13:46 of 1st period - Shot Misses the Net.
14:12 of 1st period - Slapshot by Cale Makar.
14:12 of 1st period - Shot Blocked by David Savard.
14:22 of 1st period - Snap shot by Sonny Milano.
14:22 of 1st period - Shot Misses the Net.
14:42 of 1st period - Wrist shot by Zemgus Girgensons.
14:42 of 1st period - Shot Misses the Net.
14:44 of 1st period - Wrist shot by Zemgus Girgensons.
14:44 of 1st period - Shot Blocked by Derek Forbort.
14:46 of 1st period - Snap shot by Loui Eriksson.
14:46 of 1st period - Stopped by Malcolm Subban with a rebound.
14:48 of 1st period - Snap shot by Loui Eriksson.
14:48 of 1st period - Stopped by Malcolm Subban without a rebound.
14:49 of 1st period - Sam Gagner wins face-off versus Ryan Hartman in San Jose Sharks zone.
15:00 of 1st period - Snap shot by Oliver Bjorkstrand.
15:00 of 1st period - Shot Misses the Net.
15:02 of 1st period - Slapshot by Nick Paul.
15:02 of 1st period - Deflect By Oliver Bjorkstrand.
15:02 of 1st period - Stopped by Anthony Stolarz with a rebound.
15:04 of 1st period - Snap shot by Oliver Bjorkstrand.
15:04 of 1st period - Shot Blocked by Artem Zub.
15:06 of 1st period - Slapshot by Henri Jokiharju.
15:06 of 1st period - Shot Misses the Net.
15:40 of 1st period - Wrist shot by Loui Eriksson.
15:40 of 1st period - Stopped by Malcolm Subban without a rebound.
15:41 of 1st period - Sonny Milano wins face-off versus Zemgus Girgensons in San Jose Sharks zone.
16:05 of 1st period - Cale Makar is hit by Henri Jokiharju and loses puck.
16:12 of 1st period - Wrist shot by Sonny Milano.
16:12 of 1st period - Deflect By Oskar Sundqvist.
16:12 of 1st period - Stopped by Anthony Stolarz with a rebound.
16:14 of 1st period - Wrist shot by Joel Edmundson.
16:14 of 1st period - Stopped by Anthony Stolarz with a rebound.
16:38 of 1st period - Snap shot by Cale Makar.
16:38 of 1st period - Shot Blocked by Oskar Sundqvist.
16:53 of 1st period - Pat Maroon is hit by Oskar Sundqvist and loses puck.
17:06 of 1st period - Zemgus Girgensons is hit by Tanner Pearson and loses puck.
17:27 of 1st period - Wrist shot by Anthony DeAngelo.
17:27 of 1st period - Deflect By Sonny Milano.
17:27 of 1st period - Shot Blocked by Oliver Kylington.
17:27 of 1st period - Puck is out of play.
17:28 of 1st period - Ryan Strome wins face-off versus Sam Gagner in Nashville Predators zone.
18:24 of 1st period - Snap shot by Thomas Novak.
18:24 of 1st period - Stopped by Malcolm Subban without a rebound.
18:25 of 1st period - Thomas Novak wins face-off versus Andreas Athanasiou in San Jose Sharks zone.
18:40 of 1st period - Snap shot by Andreas Athanasiou.
18:40 of 1st period - Stopped by Anthony Stolarz with a rebound.
18:42 of 1st period - Slapshot by Henri Jokiharju.
18:42 of 1st period - Shot Blocked by Justin Braun.
18:44 of 1st period - Wrist shot by Jesper Fast.
18:44 of 1st period - Shot Blocked by Cale Makar.
19:12 of 1st period - Thomas Novak is hit by Michael Bunting and loses puck.
19:19 of 1st period - Slapshot by Justin Braun.
19:19 of 1st period - Shot Misses the Net.
19:55 of 1st period - Slapshot by Nick Bjugstad.
19:55 of 1st period - Shot Blocked by Joel Edmundson.
19:57 of 1st period - Slapshot by Artem Zub.
19:57 of 1st period - Stopped by Malcolm Subban without a rebound.
19:58 of 1st period - Nolan Patrick wins face-off versus Ryan Strome in San Jose Sharks zone.
19:59 of 1st period - Snap shot by Riley Nash.
19:59 of 1st period - Stopped by Malcolm Subban with a rebound.
Goals for this period are 0 for Nashville Predators vs 0 for San Jose Sharks.
Shots for this period are 8 for Nashville Predators vs 15 for San Jose Sharks.
2nd period
0:01 of 2nd period - Ryan Hartman wins face-off versus Sam Gagner in neutral zone.
0:55 of 2nd period - Wrist shot by Janne Kuokkanen.
0:55 of 2nd period - Shot Misses the Net.
1:07 of 2nd period - Slapshot by Ryan Hartman.
1:07 of 2nd period - Stopped by Anthony Stolarz with a rebound.
1:15 of 2nd period - David Savard is hit by Jake Muzzin.
1:25 of 2nd period - Corey Perry is hit by Ryan Strome and loses puck.
1:34 of 2nd period - Nate Schmidt is hit by Jakob Silfverberg.
2:08 of 2nd period - Off-side.
2:09 of 2nd period - Andreas Athanasiou wins face-off versus Thomas Novak in neutral zone.
2:12 of 2nd period - Slapshot by Andreas Athanasiou.
2:12 of 2nd period - Goal by Andreas Athanasiou - Nashville Predators : 0 - San Jose Sharks : 1.
2:13 of 2nd period - Ryan Hartman wins face-off versus Nolan Patrick in neutral zone.
2:18 of 2nd period - Snap shot by Oliver Bjorkstrand.
2:18 of 2nd period - Stopped by Anthony Stolarz with a rebound.
2:37 of 2nd period - Minor Penalty to Sam Gagner for Interference.
2:38 of 2nd period - Brandon Saad wins face-off versus Ryan Hartman in Nashville Predators zone.
4:37 of 2nd period - Penalty to Sam Gagner is over, Sam Gagner is back on ice.
5:45 of 2nd period - Off-side.
5:46 of 2nd period - Andreas Athanasiou wins face-off versus Sam Gagner in neutral zone.
6:35 of 2nd period - Snap shot by Oskar Sundqvist.
6:35 of 2nd period - Stopped by Anthony Stolarz without a rebound.
6:36 of 2nd period - Tanner Pearson wins face-off versus Zemgus Girgensons in Nashville Predators zone.
6:39 of 2nd period - Snap shot by Sonny Milano.
6:39 of 2nd period - Shot Misses the Net.
6:41 of 2nd period - Snap shot by Tanner Pearson.
6:41 of 2nd period - Deflect By Sonny Milano.
6:41 of 2nd period - Shot Misses the Net.
6:41 of 2nd period - Puck is out of play.
6:42 of 2nd period - Ryan Strome wins face-off versus Pat Maroon in Nashville Predators zone.
6:53 of 2nd period - Wrist shot by Jakob Silfverberg.
6:53 of 2nd period - Stopped by Anthony Stolarz without a rebound.
6:54 of 2nd period - Sam Gagner wins face-off versus Ryan Strome in Nashville Predators zone.
7:03 of 2nd period - Wrist shot by Brandon Saad.
7:03 of 2nd period - Stopped by Malcolm Subban with a rebound.
7:05 of 2nd period - Snap shot by Corey Perry.
7:05 of 2nd period - Deflect By Sam Gagner.
7:05 of 2nd period - Stopped by Malcolm Subban with a rebound.
7:07 of 2nd period - Slapshot by Justin Braun.
7:07 of 2nd period - Shot Misses the Net.
7:09 of 2nd period - Wrist shot by Corey Perry.
7:09 of 2nd period - Shot Misses the Net.
7:52 of 2nd period - Snap shot by Nolan Patrick.
7:52 of 2nd period - Stopped by Malcolm Subban with a rebound.
8:09 of 2nd period - Andreas Athanasiou is hit by Zemgus Girgensons and loses puck.
8:30 of 2nd period - Nate Schmidt is hit by Tanner Pearson.
8:44 of 2nd period - Slapshot by Nolan Patrick.
8:44 of 2nd period - Shot Misses the Net.
9:30 of 2nd period - Wrist shot by Michael Bunting.
9:30 of 2nd period - Shot Blocked by Loui Eriksson.
9:32 of 2nd period - Slapshot by Slater Koekkoek.
9:32 of 2nd period - Stopped by Anthony Stolarz with a rebound.
9:54 of 2nd period - Pat Maroon is hit by Ryan Strome and loses puck.
10:19 of 2nd period - Snap shot by Zemgus Girgensons.
10:19 of 2nd period - Stopped by Malcolm Subban with a rebound.
10:21 of 2nd period - Snap shot by Loui Eriksson.
10:21 of 2nd period - Stopped by Malcolm Subban with a rebound.
10:27 of 2nd period - Snap shot by Pat Maroon.
10:27 of 2nd period - Stopped by Malcolm Subban without a rebound.
10:28 of 2nd period - Ryan Strome wins face-off versus Sam Gagner in San Jose Sharks zone.
10:28 of 2nd period - Ryan Strome is hit by Nate Schmidt.
10:34 of 2nd period - Backhand shot by Sam Gagner.
10:34 of 2nd period - Goal by Sam Gagner - Nashville Predators : 1 - San Jose Sharks : 1.
10:35 of 2nd period - Sam Gagner wins face-off versus Jakob Silfverberg in neutral zone.
10:40 of 2nd period - Snap shot by Brandon Saad.
10:40 of 2nd period - Shot Blocked by Anthony DeAngelo.
12:01 of 2nd period - Artem Zub is hit by William Karlsson and loses puck.
12:21 of 2nd period - Slapshot by Cale Makar.
12:21 of 2nd period - Deflect By Zemgus Girgensons.
12:21 of 2nd period - Stopped by Malcolm Subban with a rebound.
12:23 of 2nd period - Slapshot by Justin Braun.
12:23 of 2nd period - Shot Blocked by Ryan Strome.
12:25 of 2nd period - Slapshot by Cale Makar.
12:25 of 2nd period - Shot Blocked by Joel Edmundson.
12:27 of 2nd period - Slapshot by Oliver Kylington.
12:27 of 2nd period - Deflect By Jakob Silfverberg.
12:27 of 2nd period - Stopped by Malcolm Subban with a rebound.
12:29 of 2nd period - Snap shot by Zemgus Girgensons.
12:29 of 2nd period - Shot Blocked by Jakob Silfverberg.
12:31 of 2nd period - Backhand shot by Oliver Kylington.
12:31 of 2nd period - Stopped by Malcolm Subban with a rebound.
12:43 of 2nd period - Oliver Kylington is hit by Joel Edmundson and loses puck.
13:12 of 2nd period - Icing by Ryan Strome.
13:13 of 2nd period - Ryan Strome wins face-off versus Sam Gagner in San Jose Sharks zone.
13:37 of 2nd period - Icing by Derek Forbort.
13:38 of 2nd period - Nolan Patrick wins face-off versus Ryan Hartman in San Jose Sharks zone.
14:47 of 2nd period - Riley Nash is hit by Nick Paul.
15:00 of 2nd period - Off-side.
15:01 of 2nd period - Sam Gagner wins face-off versus Andreas Athanasiou in neutral zone.
15:54 of 2nd period - Snap shot by Thomas Novak.
15:54 of 2nd period - Shot Misses the Net.
15:56 of 2nd period - Snap shot by Janne Kuokkanen.
15:56 of 2nd period - Stopped by Malcolm Subban with a rebound.
16:12 of 2nd period - Jake Muzzin is hit by Jakob Silfverberg and loses puck.
18:47 of 2nd period - Snap shot by Zemgus Girgensons.
18:47 of 2nd period - Shot Blocked by Derek Forbort.
18:49 of 2nd period - Snap shot by Zemgus Girgensons.
18:49 of 2nd period - Goal by Zemgus Girgensons - Nashville Predators : 2 - San Jose Sharks : 1.
18:50 of 2nd period - Nolan Patrick wins face-off versus Ryan Hartman in neutral zone.
19:17 of 2nd period - Icing by Janne Kuokkanen.
19:18 of 2nd period - Thomas Novak wins face-off versus Ryan Strome in Nashville Predators zone.
19:27 of 2nd period - Slapshot by Janne Kuokkanen.
19:27 of 2nd period - Stopped by Malcolm Subban with a rebound.
19:41 of 2nd period - Oliver Kylington is hit by Jakob Silfverberg and loses puck.
19:48 of 2nd period - Snap shot by Ryan Strome.
19:48 of 2nd period - Stopped by Anthony Stolarz without a rebound.
19:49 of 2nd period - Sam Gagner wins face-off versus Ryan Hartman in Nashville Predators zone.
Goals for this period are 2 for Nashville Predators vs 1 for San Jose Sharks.
Shots for this period are 13 for Nashville Predators vs 7 for San Jose Sharks.
3rd period
0:01 of 3rd period - Nolan Patrick wins face-off versus Nick Paul in neutral zone.
0:04 of 3rd period - Slapshot by Justin Braun.
0:04 of 3rd period - Shot Blocked by Joel Edmundson.
1:10 of 3rd period - Wrist shot by Sonny Milano.
1:10 of 3rd period - Stopped by Anthony Stolarz with a rebound.
1:32 of 3rd period - Off-side.
1:33 of 3rd period - Ryan Hartman wins face-off versus Nolan Patrick in neutral zone.
1:42 of 3rd period - Wrist shot by Oliver Bjorkstrand.
1:42 of 3rd period - Shot Misses the Net.
1:54 of 3rd period - Snap shot by Cale Makar.
1:54 of 3rd period - Stopped by Malcolm Subban with a rebound.
2:15 of 3rd period - Slapshot by Nolan Patrick.
2:15 of 3rd period - Stopped by Malcolm Subban with a rebound.
2:17 of 3rd period - Snap shot by Riley Nash.
2:17 of 3rd period - Shot Misses the Net.
2:19 of 3rd period - Snap shot by Ryan Carpenter.
2:19 of 3rd period - Deflect By Riley Nash.
2:19 of 3rd period - Stopped by Malcolm Subban with a rebound.
2:21 of 3rd period - Wrist shot by Justin Braun.
2:21 of 3rd period - Shot Blocked by David Savard.
2:23 of 3rd period - Snap shot by Nolan Patrick.
2:23 of 3rd period - Shot Misses the Net.
2:25 of 3rd period - Wrist shot by Riley Nash.
2:25 of 3rd period - Shot Misses the Net.
2:41 of 3rd period - Wrist shot by Ryan Hartman.
2:41 of 3rd period - Stopped by Anthony Stolarz without a rebound.
2:42 of 3rd period - Sam Gagner wins face-off versus Ryan Strome in Nashville Predators zone.
2:42 of 3rd period - Sam Gagner is hit by Ryan Strome.
2:52 of 3rd period - Jake Muzzin is hit by William Karlsson and loses puck.
2:59 of 3rd period - Wrist shot by Ryan Strome.
2:59 of 3rd period - Stopped by Anthony Stolarz without a rebound.
3:00 of 3rd period - Andreas Athanasiou wins face-off versus Thomas Novak in Nashville Predators zone.
3:01 of 3rd period - Snap shot by Michael Bunting.
3:01 of 3rd period - Deflect By Andreas Athanasiou.
3:01 of 3rd period - Stopped by Anthony Stolarz with a rebound.
3:46 of 3rd period - Icing by Jakob Silfverberg.
3:47 of 3rd period - Zemgus Girgensons wins face-off versus Oskar Sundqvist in San Jose Sharks zone.
4:37 of 3rd period - Artem Zub is hit by Jakob Silfverberg and loses puck.
4:52 of 3rd period - Ryan Carpenter is hit by Michael Bunting and loses puck.
4:59 of 3rd period - Snap shot by Andreas Athanasiou.
4:59 of 3rd period - Shot Misses the Net.
5:01 of 3rd period - Slapshot by Derek Forbort.
5:01 of 3rd period - Stopped by Anthony Stolarz with a rebound.
5:03 of 3rd period - Wrist shot by Andreas Athanasiou.
5:03 of 3rd period - Stopped by Anthony Stolarz without a rebound.
5:04 of 3rd period - Ryan Hartman wins face-off versus Sam Gagner in Nashville Predators zone.
5:11 of 3rd period - Slapshot by Ryan Hartman.
5:11 of 3rd period - Stopped by Anthony Stolarz without a rebound.
5:12 of 3rd period - Sam Gagner wins face-off versus Ryan Hartman in Nashville Predators zone.
5:32 of 3rd period - Snap shot by Sam Gagner.
5:32 of 3rd period - Shot Misses the Net.
5:34 of 3rd period - Wrist shot by Sam Gagner.
5:34 of 3rd period - Stopped by Malcolm Subban without a rebound.
5:35 of 3rd period - Ryan Strome wins face-off versus Thomas Novak in San Jose Sharks zone.
5:48 of 3rd period - Wrist shot by William Karlsson.
5:48 of 3rd period - Goal by William Karlsson - Nashville Predators : 2 - San Jose Sharks : 2.
5:49 of 3rd period - Ryan Strome wins face-off versus Thomas Novak in neutral zone.
6:40 of 3rd period - Brandon Saad is hit by Anthony DeAngelo and loses puck.
7:00 of 3rd period - Backhand shot by Loui Eriksson.
7:00 of 3rd period - Shot Misses the Net.
7:44 of 3rd period - Wrist shot by Ryan Hartman.
7:44 of 3rd period - Shot Misses the Net.
8:24 of 3rd period - Ryan Carpenter is hit by Jesper Fast and loses puck.
8:43 of 3rd period - Slapshot by Anthony DeAngelo.
8:43 of 3rd period - Stopped by Anthony Stolarz without a rebound.
8:44 of 3rd period - Ryan Strome wins face-off versus Brandon Saad in Nashville Predators zone.
9:03 of 3rd period - Wrist shot by Jakob Silfverberg.
9:03 of 3rd period - Stopped by Anthony Stolarz with a rebound.
9:05 of 3rd period - Slapshot by Joel Edmundson.
9:05 of 3rd period - Stopped by Anthony Stolarz with a rebound.
9:32 of 3rd period - Sam Gagner is hit by Derek Forbort and loses puck.
10:06 of 3rd period - Wrist shot by William Karlsson.
10:06 of 3rd period - Stopped by Anthony Stolarz with a rebound.
10:08 of 3rd period - Snap shot by Ryan Strome.
10:08 of 3rd period - Stopped by Anthony Stolarz with a rebound.
10:10 of 3rd period - Snap shot by Derek Forbort.
10:10 of 3rd period - Stopped by Anthony Stolarz with a rebound.
10:26 of 3rd period - Snap shot by Ryan Strome.
10:26 of 3rd period - Stopped by Anthony Stolarz without a rebound.
10:27 of 3rd period - Ryan Hartman wins face-off versus Janne Kuokkanen in Nashville Predators zone.
10:40 of 3rd period - Wrist shot by Oliver Bjorkstrand.
10:40 of 3rd period - Shot Hit the Post.
10:54 of 3rd period - Slater Koekkoek is hit by Justin Braun and loses puck.
11:01 of 3rd period - Henri Jokiharju is hit by Justin Braun and loses puck.
11:08 of 3rd period - Henri Jokiharju is hit by Zemgus Girgensons and loses puck.
11:27 of 3rd period - Slapshot by Nolan Patrick.
11:27 of 3rd period - Shot Blocked by Henri Jokiharju.
11:29 of 3rd period - Slapshot by Ryan Carpenter.
11:29 of 3rd period - Shot Misses the Net.
11:31 of 3rd period - Snap shot by Riley Nash.
11:31 of 3rd period - Shot Misses the Net.
11:33 of 3rd period - Slapshot by Cale Makar.
11:33 of 3rd period - Shot Misses the Net.
12:18 of 3rd period - Off-side.
12:19 of 3rd period - Zemgus Girgensons wins face-off versus Ryan Hartman in neutral zone.
12:29 of 3rd period - Wrist shot by Zemgus Girgensons.
12:29 of 3rd period - Shot Misses the Net.
12:47 of 3rd period - Jesper Fast is hit by Thomas Novak and loses puck.
13:50 of 3rd period - Derek Forbort is hit by Zemgus Girgensons and loses puck.
14:09 of 3rd period - Wrist shot by Nick Bjugstad.
14:09 of 3rd period - Stopped by Malcolm Subban without a rebound.
14:10 of 3rd period - Ryan Hartman wins face-off versus Nolan Patrick in San Jose Sharks zone.
14:23 of 3rd period - Slapshot by Cale Makar.
14:23 of 3rd period - Stopped by Malcolm Subban without a rebound.
14:24 of 3rd period - Thomas Novak wins face-off versus Oliver Bjorkstrand in San Jose Sharks zone.
14:25 of 3rd period - Snap shot by Cale Makar.
14:25 of 3rd period - Shot Blocked by Anthony DeAngelo.
14:27 of 3rd period - Slapshot by Janne Kuokkanen.
14:27 of 3rd period - Stopped by Malcolm Subban without a rebound.
14:28 of 3rd period - Thomas Novak wins face-off versus Ryan Hartman in San Jose Sharks zone.
14:31 of 3rd period - Wrist shot by Thomas Novak.
14:31 of 3rd period - Shot Misses the Net.
14:33 of 3rd period - Wrist shot by Nick Bjugstad.
14:33 of 3rd period - Stopped by Malcolm Subban without a rebound.
14:34 of 3rd period - Thomas Novak wins face-off versus Ryan Hartman in San Jose Sharks zone.
14:45 of 3rd period - Slapshot by Cale Makar.
14:45 of 3rd period - Stopped by Malcolm Subban with a rebound.
14:47 of 3rd period - Snap shot by Janne Kuokkanen.
14:47 of 3rd period - Shot Blocked by Henri Jokiharju.
14:49 of 3rd period - Slapshot by Cale Makar.
14:49 of 3rd period - Deflect By Thomas Novak.
14:49 of 3rd period - Shot Blocked by Anthony DeAngelo.
14:49 of 3rd period - Puck is out of play.
14:50 of 3rd period - Ryan Strome wins face-off versus Nolan Patrick in San Jose Sharks zone.
14:50 of 3rd period - Ryan Strome is hit by Riley Nash.
15:16 of 3rd period - Wrist shot by Ryan Hartman.
15:16 of 3rd period - Stopped by Anthony Stolarz without a rebound.
15:17 of 3rd period - Ryan Hartman wins face-off versus Thomas Novak in Nashville Predators zone.
15:42 of 3rd period - Wrist shot by Andreas Athanasiou.
15:42 of 3rd period - Stopped by Anthony Stolarz without a rebound.
15:43 of 3rd period - Sam Gagner wins face-off versus Andreas Athanasiou in Nashville Predators zone.
15:58 of 3rd period - Slapshot by Corey Perry.
15:58 of 3rd period - Shot Misses the Net.
16:08 of 3rd period - Ryan Carpenter is hit by Ryan Hartman.
16:14 of 3rd period - Oliver Bjorkstrand is hit by Ryan Carpenter and loses puck.
17:17 of 3rd period - Jake Muzzin is hit by Andreas Athanasiou and loses puck.
18:26 of 3rd period - Icing by Nick Bjugstad.
18:27 of 3rd period - Thomas Novak wins face-off versus Andreas Athanasiou in Nashville Predators zone.
18:39 of 3rd period - Icing by David Savard.
18:40 of 3rd period - Andreas Athanasiou wins face-off versus Nolan Patrick in San Jose Sharks zone.
18:40 of 3rd period - Andreas Athanasiou is hit by Justin Braun.
18:54 of 3rd period - Snap shot by Michael Bunting.
18:54 of 3rd period - Stopped by Anthony Stolarz without a rebound.
18:55 of 3rd period - Ryan Hartman wins face-off versus Thomas Novak in Nashville Predators zone.
19:43 of 3rd period - Snap shot by Brandon Saad.
19:43 of 3rd period - Stopped by Malcolm Subban without a rebound.
19:44 of 3rd period - Nolan Patrick wins face-off versus Ryan Hartman in San Jose Sharks zone.
19:47 of 3rd period - Snap shot by Nolan Patrick.
19:47 of 3rd period - Stopped by Malcolm Subban with a rebound.
19:51 of 3rd period - Snap shot by Riley Nash.
19:51 of 3rd period - Stopped by Malcolm Subban without a rebound.
19:52 of 3rd period - Ryan Hartman wins face-off versus Ryan Carpenter in San Jose Sharks zone.
Goals for this period are 0 for Nashville Predators vs 1 for San Jose Sharks.
Shots for this period are 12 for Nashville Predators vs 18 for San Jose Sharks.
Overtime #1
0:01 of 1st overtime period - Brandon Saad wins face-off versus Ryan Hartman in neutral zone.
0:04 of 1st overtime period - Wrist shot by Ryan Strome.
0:04 of 1st overtime period - Goal by Ryan Strome - Nashville Predators : 2 - San Jose Sharks : 3.
Goals for this period are 0 for Nashville Predators vs 1 for San Jose Sharks.
Shots for this period are 0 for Nashville Predators vs 1 for San Jose Sharks.
Back to the Top